 Dungeon Crawl Stone Soup version 0.31-a0-102-g33a4ccc0cb (webtiles) character file.

Game seed: 12379323228024572371

2394 Armakuni the Prestidigitator (level 9, -11/54 HPs)
             Began as a Human Artificer on May 27, 2023.
             Was an Initiate of Gozag.
             Mangled by a wyvern (13 damage)
             ... on level 8 of the Dungeon.
             The game lasted 00:22:33 (7944 turns).

Armakuni the Prestidigitator (Human Artificer)      Turns: 7944, Time: 00:22:34

Health: -11/54     AC:  6    Str: 16    XL:     9   Next: 74%
Magic:  9/9        EV: 11    Int: 15    God:    Gozag
Gold:   646        SH:  0    Dex: 13    Spells: 5/8 levels left

rFire   . . .        a - staff of poison "Vetwiuti" {rPois rC+ Will++}
rCold   + . .        (no shield)
rNeg    . . .        n - +0 leather armour
rPois   +            t - +1 helmet
rElec   .            (no cloak)
rCorr   +            w - +0 pair of gloves
SInv    .            (no boots)
Will    ++...        (no amulet)
Stlth   +            K - ring of resist corrosion
HPRegen 0.29/turn    (no ring)
MPRegen 0.11/turn

%: no passive effects
@: gold aura, unable to read
A: clever 1, frail 1, inability to read after injury 1, noise suppression
a: Renounce Religion, Potion Petition, Call Merchant, Bribe Branch


You were on level 8 of the Dungeon.
You worshipped Gozag.
Gozag was pleased with you.
You visited 1 branch of the dungeon, and saw 8 of its levels.

You collected 768 gold pieces.
You paid 122 gold pieces to Gozag.

Inventory:

Hand Weapons
 s - a +0 quarterstaff of freezing
Missiles
 c - 3 silver boomerangs
 f - 5 curare-tipped darts (quivered)
 k - 6 silver javelins
 y - 4 javelins
Armour
 n - a +0 leather armour (worn)
 t - a +1 helmet (worn)
 w - a +0 pair of gloves (worn)
Magical Staves
 a - the staff of poison "Vetwiuti" (weapon) {rPois rC+ Will++}
   (You acquired it on level 6 of the Dungeon)

   [staff of poison]

   Base accuracy: +5 Base damage: 5 Base attack delay: 1.2 This weapon's minimum
   attack delay (0.6) is reached at skill level 12.
   rC:        It protects you from cold.
   rPois:     It protects you from poison.
   Will:      It greatly increases your willpower.
   It falls into the 'Staves' category.
   It is a one-handed weapon.
 b - a staff of air
Jewellery
 K - a ring of resist corrosion (left hand)
Wands
 j - a wand of iceblast (1)
Scrolls
 g - a scroll of fear
 m - 2 scrolls of enchant armour
 q - a scroll of brand weapon
 r - 3 scrolls of teleportation
 u - a scroll of poison
 x - 3 scrolls of identify
 C - a scroll of butterflies
Potions
 d - 4 potions of berserk rage
 e - 2 potions of heal wounds
 h - a potion of invisibility
 i - a potion of resistance
 l - a potion of lignification
 o - 3 potions of curing
 z - a potion of degeneration


   Skills:
 - Level 1.9 Fighting
 - Level 1.0 Maces & Flails
 - Level 5.0 Throwing
 - Level 2.0 Armour
 - Level 1.0 Dodging
 - Level 1.0 Stealth
 - Level 5.0 Air Magic
 + Level 2.2 Poison Magic
 - Level 10.0 Evocations


You had 5 spell levels left.
You knew the following spells:

 Your Spells              Type           Power      Damage    Failure   Level
m - Mephitic Cloud        Conj/Pois/Air  10%        N/A       36%         3

Your spell library contained the following spells:

 Spells                   Type           Power      Damage    Failure   Level
 Swiftness                Air            15%        N/A       13%         3
 Foxfire                  Conj/Fire      0%         2x1d4     32%         1
 Magic Dart               Conj           0%         1d3       32%         1
 Call Imp                 Summ           0%         N/A       45%         2
 Ensorcelled Hibernation  Hex/Ice        0%         N/A       45%         2
 Passwall                 Tmut/Erth      0%         N/A       45%         2
 Dazzling Flash           Conj/Hex       0%         N/A       69%         3
 Volatile Blastmotes      Fire/Tloc      0%         2d10      69%         3
 Iskenderun's Mystic Bla  Conj/Tloc      0%         2d3       97%         4
 Fireball                 Conj/Fire      0%         3d3       100%        5
 Plasma Beam              Fire/Air       3%         2x1d15    100%        6
 Starburst                Conj/Fire      0%         6d3       100%        6


Dungeon Overview and Level Annotations

Branches:
Dungeon (8/15)             Temple (0/1) D:7
   Lair: D:8-11

Altars:
Fedhas
Gozag
Kikubaaqudgha
Xom

Shops:
D:1 (

Annotations:
D:8 Joseph


Innate Abilities, Weirdness & Mutations

Your mind is acute. (Int +4, Str/Dex -1)
You are frail. (-10% HP)
You occasionally lose the ability to read scrolls when taking damage.
You passively dampen the noise of your surroundings.


Message History

You hit the orc but do no damage.
You envenom the orc.
The orc is poisoned.
The orc is moderately wounded.
The orc hits you with a +0 hand axe. The orc hits you but does no damage.
You hit the orc but do no damage.
You envenom the orc.
You kill the orc!
Joseph sighs, "Being a guard is usually so boring..."
The wyvern barely misses you.
Throw: 6 darts (curare)
Press: ? - help, Q - select action, (/) - cycle Shift-Dir - straight line, f - wyvern
Aim: a wyvern (59% to hit)
You throw a curare-tipped dart. The curare-tipped dart hits the wyvern.
The wyvern is poisoned.
The wyvern convulses.
The wyvern seems to slow down.
The wyvern is moderately wounded.
The wyvern bites you!
You feel threatened and lose the ability to read scrolls!
You barely miss the wyvern.
The wyvern is moderately wounded.
The wyvern bites you!
* * * LOW HITPOINT WARNING * * *
Joseph says, "It's nothing personal, but I have to kill you."
You barely miss the wyvern.
The wyvern is moderately wounded.
The wyvern bites you.
* * * LOW HITPOINT WARNING * * *
You hit the wyvern but do no damage.
The wyvern is heavily wounded.
The wyvern is distracted by your dazzling golden aura.
Joseph says, "It's nothing personal, but I have to kill you."
Unknown command.
You closely miss the wyvern.
The wyvern is no longer distracted by gold.
The wyvern hisses angrily.
The wyvern is heavily wounded.
The wyvern bites you but does no damage.
You closely miss the wyvern.
The wyvern is heavily wounded.
The wyvern bites you!
You die...
Your body crumbles into a pile of gold.

.... ... .... ..
...##.. ......
..#.. . ...... ....
.. ...... $@# ...
......# #l# .....
....... #@##......
.......####.#.....#
#....)#..........#
#...>####......#
###.....#.......
###..........#
#.#.........#
####<........
#.........


You could see Joseph and a wyvern (very poisoned, slow).

Vanquished Creatures
  A steam dragon (D:7)
  A black bear (D:6)
  4 ogres
  An orc warrior (D:6)
  3 ice beasts
  A phantom (D:5)
  A bullfrog (D:7)
  A scorpion (D:6)
  6 wights (D:7)
  2 electric eels (D:6)
  2 howler monkeys (D:7)
  7 orc priests
  2 iguanas
  7 orc wizards
  A sleepcap (D:6)
  6 adders
  A shadow imp (D:7)
  2 white imps
  2 worms
  4 dart slugs
  35 orcs
  6 bats
  4 endoplasms
  3 giant cockroaches
  13 goblins
  5 hobgoblins
  3 jackals (D:2)
  5 kobolds
  4 quokkas
  5 ball pythons
  3 frilled lizards
  6 rats
147 creatures vanquished.

Vanquished Creatures (collateral kills)
  A wight (D:7)
  Robin (D:4)
  An adder (D:6)
  11 orcs
  2 goblins (D:4)
16 creatures vanquished.

Vanquished Creatures (others)
  3 wights (D:7)
  An orc priest (D:6)
  A hound (D:4)
  An iguana (D:6)
  An orc wizard (D:4)
  A goblin (D:4)
8 creatures vanquished.

Grand Total: 171 creatures vanquished

Notes
Turn   | Place    | Note
-------+----------+-------------------------------------------
     0 | D:1      | Armakuni the Human Artificer began the quest for the Orb.
     0 | D:1      | Reached XP level 1. HP: 15/15 MP: 1/1
    28 | D:1      | Reached skill level 1 in Maces & Flails
    93 | D:1      | Reached XP level 2. HP: 21/21 MP: 2/2
   296 | D:1      | Reached XP level 3. HP: 26/27 MP: 3/3
   563 | D:1      | Noticed a +0 giant spiked club
   564 | D:1      | Found Nunga's Weapon Boutique.
   565 | D:1      | Noticed a +0 demon whip
   872 | D:2      | Reached skill level 1 in Air Magic
  1511 | D:2      | Reached XP level 4. HP: 33/33 MP: 4/4
  2034 | D:3      | You fall into a shaft and drop 3 floors!
  2063 | D:5      | Entered Level 5 of the Dungeon
  2084 | D:6      | Gained mutation: You have sharp toenails. [potion of
                  | mutation]
  2084 | D:6      | Gained mutation: You occasionally lose the ability to drink
                  | potions when taking damage. [potion of mutation]
  2158 | D:5      | Reached XP level 5. HP: 33/38 MP: 5/5
  2355 | D:4      | Lost mutation: You occasionally lose the ability to drink
                  | potions when taking damage. [potion of mutation]
  2355 | D:4      | Lost mutation: You have sharp toenails. [potion of
                  | mutation]
  2355 | D:4      | Gained mutation: You have a pair of small horns on your
                  | head. [potion of mutation]
  2796 | D:4      | Reached XP level 6. HP: 43/44 MP: 6/6
  2905 | D:4      | Noticed Robin
  2915 | D:4      | Killed Robin
  3130 | D:3      | Reached skill level 5 in Air Magic
  3189 | D:4      | Lost mutation: You have a pair of small horns on your head.
                  | [potion of mutation]
  3189 | D:4      | Gained mutation: Your body sometimes deteriorates upon
                  | taking damage. [potion of mutation]
  3189 | D:4      | Gained mutation: You have a pair of small horns on your
                  | head. [potion of mutation]
  3189 | D:4      | Gained mutation: You have a pair of horns on your head.
                  | [potion of mutation]
  3190 | D:4      | Lost mutation: Your body sometimes deteriorates upon taking
                  | damage. [potion of mutation]
  3190 | D:4      | Lost mutation: You have a pair of horns on your head.
                  | [potion of mutation]
  3190 | D:4      | Lost mutation: You have a pair of small horns on your head.
                  | [potion of mutation]
  3190 | D:4      | Gained mutation: You occasionally lose the ability to read
                  | scrolls when taking damage. [potion of mutation]
  3190 | D:4      | Gained mutation: You passively dampen the noise of your
                  | surroundings. [potion of mutation]
  3190 | D:4      | Gained mutation: Your muscles are strong. (Str +4, Int/Dex
                  | -1) [potion of mutation]
  3190 | D:4      | Gained mutation: You passively map a small area around you.
                  | [potion of mutation]
  3740 | D:5      | Reached skill level 1 in Throwing
  3740 | D:5      | Reached skill level 4 in Evocations
  3764 | D:5      | Noticed an ice beast
  3768 | D:5      | Killed an ice beast
  3769 | D:5      | Reached XP level 7. HP: 49/49 MP: 7/7
  3774 | D:5      | Found a shimmering altar of Xom.
  3945 | D:5      | Reached skill level 5 in Evocations
  4437 | D:5      | Lost mutation: Your muscles are strong. (Str +4, Int/Dex
                  | -1) [potion of mutation]
  4437 | D:5      | Lost mutation: You passively map a small area around you.
                  | [potion of mutation]
  4437 | D:5      | Gained mutation: You are frail. (-10% HP) [potion of
                  | mutation]
  4437 | D:5      | Gained mutation: Your mind is acute. (Int +4, Str/Dex -1)
                  | [potion of mutation]
  4485 | D:6      | Reached XP level 8. HP: 38/50 MP: 8/8
  4853 | D:6      | Reached skill level 6 in Evocations
  5153 | D:6      | Reached skill level 5 in Throwing
  5250 | D:6      | Identified a scroll of acquirement
  5250 | D:6      | Acquired the staff of poison "Vetwiuti" {rPois rC+ Will++}
  5264 | D:6      | Learned a level 3 spell: Mephitic Cloud
  5442 | D:6      | Found a blossoming altar of Fedhas.
  5442 | D:6      | Found an ancient bone altar of Kikubaaqudgha.
  5442 | D:6      | Found an opulent altar of Gozag.
  5461 | D:6      | Reached skill level 7 in Evocations
  5633 | D:6      | Became a worshipper of Gozag Ym Sagoz the Greedy
  5736 | D:7      | Reached XP level 9. HP: 54/54 MP: 9/9
  5847 | D:7      | Reached skill level 8 in Evocations
  5919 | D:7      | Identified the +6 short sword "Zuegoh" {freeze, *Slow
                  | +Blink rN++ rCorr}
  6159 | D:7      | Found a staircase to the Ecumenical Temple.
  6174 | D:7      | Reached skill level 9 in Evocations
  6561 | D:7      | Found a runed translucent door.
  7491 | D:6      | Reached skill level 1 in Poison Magic
  7926 | D:8      | Noticed Joseph
  7928 | D:8      | Reached skill level 10 in Evocations
  7941 | D:8      | HP: 1/54 [wyvern (3)]
  7944 | D:8      | Mangled by a wyvern

Illustrated notes

Levels and vault maps discovered:
D:1:      minmay_arrival_shoal_huts, layout_loops_ring, serial_shops,
          nicolae_shop_mannequins, nicolae_the_louvre
D:2:      layout_loops_ring, corexii_item_surrounded_by_moat, minivault_4
D:3:      layout_rooms
D:4:      layout_loops_ring, uniq_robin
D:5:      layout_basic, mainiacjoe_overflow_24_doors,
          minmay_misc_feat_nine_boxes
D:6:      layout_rooms, gammafunk_temple_overflow_claw, kennysheep_dice
D:7:      layout_loops_corners, minmay_temple_entry_arrows,
          minmay_misc_feat_ornament, lightli_church_of_beogh
D:8:      layout_layer_cave, nicolae_barding_shop, uniq_joseph,
          uniq_prince_ribbit1

Skill      XL: |  1  2  3  4  5  6  7  8  9 |
---------------+----------------------------+-----
Maces & Flails | 1 |  1.0
Air Magic      | 1 3 4 5 |  5.0
Throwing       | 2 3 5 |  5.0
Evocations     | 4 5 7 10 | 10.0
Poison Magic   | 2 |  2.2
Fighting       | |  1.9
Armour         | |  2.0
Dodging        | |  1.0
Stealth        | |  1.0

Action                     |  1- 3 |  4- 6 |  7- 9 || total
---------------------------+-------+-------+-------++-------
  Melee: Mace              |    38 |       |       ||    38
         Club              |     3 |       |       ||     3
         Staff             |    79 |    19 |   110 ||   208
         Punch             |     1 |       |     1 ||     2
         Quarterstaff      |       |   127 |   110 ||   237
         Kick              |       |     4 |       ||     4
         Headbutt          |       |     4 |       ||     4
  Throw: Dart              |       |       |     2 ||     2
  Evoke: Wand              |     5 |    12 |    51 ||    68
    Use: Scroll            |     4 |     2 |    11 ||    17
         Potion            |       |     7 |     4 ||    11
   Stab: Paralysed         |       |     4 |       ||     4
         Sleeping          |       |     1 |       ||     1
         Distracted        |       |       |     1 ||     1
 Armour: Leather armour    |    35 |    48 |    81 ||   164
  Dodge: Dodged            |    74 |   113 |   178 ||   365

Table legend: (Time is in decaauts)
 A = Elapsed time spent in this place.
 B = Non-inter-level travel time spent in this place.
 C = Inter-level travel time spent in this place.
 D = Time resting spent in this place.
 E = Time spent auto-exploring this place.
 F = Levels seen in this place.
 G = Mean time per level.
                   A        B        C        D        E       F      G
               +--------+--------+--------+--------+--------+-----+--------+
         Total |   8073 |   7718 |    355 |   1424 |   4586 |   8 | 1009.1 |
       Dungeon |   8073 |   7718 |    355 |   1424 |   4586 |   8 | 1009.1 |
               +--------+--------+--------+--------+--------+-----+--------+

Top non-repeatable levels by time:
     D:7: 1813 daAuts
     D:6: 1789 daAuts
     D:4: 1069 daAuts
     D:2: 1060 daAuts
     D:5: 870 daAuts
     D:1: 823 daAuts
     D:3: 606 daAuts
     D:8: 40 daAuts
